Unix NetHack Version 5.0.0-0 post-release - last build Jun 10 2026 00:39:30 (3ee93aec679c4c4259841fe613dc97188e26a321,branch:main).

Game began 2026-06-28 15:23:57, ended 2026-06-29 00:10:41.

ARFwashere, neutral male human Tourist

                                                         ---
                                                        --).|
                                                        |.))----          ----
                                                        --)....###-       |..--
                                                        ...).)....#---    --..|
                                                        .......--....|    --.--
                                                        ..)....-----.|   --..|
                                                        ........--...#-|....--
                                                        ..............#-...--
                                                       ...........---....------
                                                      ..........--- ----.| |..|
                                                     ...........|     |..---..|
                                                    -........*..--    |......--
                                                   -......--.....---  --.....--
                                                   ......-----.....--  |-...*.|
                                                   ..f@...   |......-- |.....--
                                                    |@--..   -----.*.--|....-|
                                                    ---          |....||.....|
                                                                 ---^------.--
                                                                   ---    ---
ARFwashere the Excursionist  St:12 Dx:12 Co:13 In:13 Wi:10 Ch:18  Neutral
Dlvl:6  $:3  HP:0(49) Pw:32(32) AC:-2 Xp:6 T:5145  Burdened

Latest messages:
 The large cat picks up a studded leather armor.
 The large cat drops a studded leather armor.
 The watch captain picks up a studded leather armor.
 With great effort you move the boulder.
 You see here a mummy wrapping.
 The large cat picks up a pair of hard shoes.
 The watch captain swings his long sword.
 The watch captain hits!
 The watch captain swings his long sword.
 The watch captain hits again!
 You climb up the stairs.
 Something is written here in the dust.
 You read: "Elbereth".
 What do you want to zap? [cCFRTY or ?*] ?
 Nothing happens.
 The watch captain swings his long sword.
 The watch captain hits!
 The watch captain swings his long sword.
 The watch captain hits again!
 The wolf turns to flee.
 What do you want to drink? [vBHOV or ?*] v
 You feel much better.
 The watch captain swings his long sword.
 The watch captain hits!
 The watch captain swings his long sword.
 The watch captain hits again!
 The wolf turns to flee.
 The wolf turns to flee.
 The watch captain swings his long sword.
 The watch captain hits!
 The watch captain swings his long sword.
 The watch captain hits again!
 The wolf turns to flee.
 You can't go up here.
 The large cat misses it.
 What do you want to zap? [cCFRTY or ?*] ?
 In what direction? u
 The magic missile hits the watch captain!
 The magic missile hits it!
 The large cat bites it.
 The watch captain swings his long sword.
 The watch captain misses!
 The watch captain swings his long sword.
 The watch captain hits!
 You die...
 Do you want your possessions identified? [ynq] (y) y
 Do you want to see your attributes? [ynq] (y) y
 Do you want an account of creatures vanquished? [ynaq] (y) y
 Do you want to see your conduct and achievements? [ynq] (y) y
 Do you want to see the dungeon overview? [ynq] (y) y

Inventory:
 Coins    ('$')
  $ - 3 gold pieces
 Weapons  (')')
  p - 20 blessed +0 darts
  J - 40 +2 darts
  r - 36 +0 darts
  Z - 7 +0 daggers (at the ready)
  g - a +0 elven dagger
  a - a +0 silver dagger (weapon in right hand)
 Armor    ('[')
  W - an uncursed +0 dwarvish iron helm (being worn)
  D - an uncursed +0 pair of high boots (being worn)
  E - an uncursed +0 small shield (being worn)
  s - an uncursed +0 dwarvish cloak
  y - an uncursed +0 elven cloak (being worn)
  q - an uncursed +0 Hawaiian shirt with a plumeria motif
  K - an uncursed +0 Hawaiian shirt with a sea turtle motif
  U - an uncursed +0 dwarvish mithril-coat (being worn)
 Comestibles  ('%')
  L - an uncursed carrot
  Q - 5 uncursed food rations
 Scrolls  ('?')
  z - 2 uncursed scrolls of amnesia
  A - an uncursed scroll of confuse monster
  o - an uncursed scroll of destroy armor
  N - an uncursed scroll of enchant weapon
  t - an uncursed scroll of identify
  G - an uncursed scroll of light
  k - a blessed scroll of magic mapping
  j - 3 uncursed scrolls of magic mapping
 Potions  ('!')
  B - a blessed potion of booze
  O - an uncursed potion of confusion
  H - an uncursed potion of enlightenment
  V - an uncursed potion of sleeping
 Wands    ('/')
  R - a wand of locking (0:5)
  F - a wand of magic missile (0:2)
  c - a wand of opening (0:6)
  C - a blessed wand of sleep (0:4)
  T - a wand of striking (0:0)
  Y - a wand of teleportation (0:0)
 Tools    ('(')
  i - an uncursed sack containing 2 items
  m - an expensive camera (0:41)
  w - an uncursed magic whistle
  S - an uncursed mirror
  e - an uncursed oil lamp
  l - a cursed oil lamp
  x - an uncursed pair of lenses (being worn)
  d - an uncursed skeleton key
  b - an uncursed stethoscope
 Gems/Stones  ('*')
  X - an uncursed luckstone

Contents of the sack:
  470 gold pieces
  a +0 pick-axe

ARFwashere the Tourist's attributes:

Background:
 You were an Excursionist, a level 6 male human Tourist.
 You were neutral, nominally on a mission for The Lady
 who was opposed by Blind Io (lawful) and Offler (chaotic).
 You were right-handed.
 You were in the Gnomish Mines, on level 6.
 You entered the dungeon 5145 turns ago.
 It was the midnight hour.
 You had 630 experience points, 10 more were needed to attain level 7.

Basics:
 You had 0 out of 49 hit points.
 You had all 32 energy points (spell power).
 Your armor class was -2.
 Your wallet contained 3 zorkmids, and
 you had 470 more stashed away in your pack.
 Autopickup was on for '$' plus thrown.

Final Characteristics:
 Your strength was 12 (peak:13, limit:18/100).
 Your dexterity was 12 (limit:18).
 Your constitution was 13 (limit:18).
 Your intelligence was 13 (limit:18).
 Your wisdom was 10 (limit:18).
 Your charisma was 18 (limit:18).

Final Status:
 You weren't hungry.
 You were burdened; movement was slightly slowed.
 You were wielding a dagger.
 You were skilled in dagger.

Final Attributes:
 You were piously aligned.
 You were stealthy.
 You were guarded.
 You were lucky.
 You had extra luck.
 Bad luck did not time out for you.
 Good luck did not time out for you.
 You are dead.

Miscellaneous:
 You didn't encounter any bones levels.
 Total elapsed playing time was 1 hour, 51 minutes and 3 seconds.

Major events:
 Turn
    1: ARFwashere the neutral male human Tourist entered the dungeon
 1599: attained the rank of Sightseer (level 3)
 2200: entered the Gnomish Mines
 3793: attained the rank of Excursionist (level 6)
 4365: reached Mine Town
 5145: killed by a watch captain

You didn't know any spells.

Skills:
 Fighting Skills
   bare handed combat [Unskilled]
   two weapon combat  [Unskilled]
   riding             [Unskilled]
 Weapon Skills
   dagger             [Skilled]
   knife              [Unskilled]
   axe                [Unskilled]
   pick-axe           [Unskilled]
   short sword        [Unskilled]
   broadsword         [Unskilled]
   long sword         [Unskilled]
   two-handed sword   [Unskilled]
   saber              [Unskilled]
   mace               [Unskilled]
   morning star       [Unskilled]
   flail              [Unskilled]
   hammer             [Unskilled]
   quarterstaff       [Unskilled]
   polearms           [Unskilled]
   spear              [Unskilled]
   trident            [Unskilled]
   lance              [Unskilled]
   bow                [Unskilled]
   sling              [Unskilled]
   crossbow           [Unskilled]
   dart               [Basic]
   shuriken           [Unskilled]
   boomerang          [Unskilled]
   whip               [Unskilled]
   unicorn horn       [Unskilled]
 Spellcasting Skills
   divination spells  [Unskilled]
   enchantment spells [Unskilled]
   escape spells      [Unskilled]

Voluntary challenges:
 Character rerolling was not enabled.
 You were an atheist.
 You never genocided any monsters.
 You never polymorphed an object.
 You never changed form.
 You used no wishes.
Achievements:
 You entered a shop.
 You attained the rank of Sightseer.
 You entered the Gnomish Mines.
 You attained the rank of Excursionist.
 You entered Minetown.

 The Dungeons of Doom: levels 1 to 4
    Level 1:
       A fountain, a grave.
    Level 2:
       A general store.
    Level 3:
       A general store.
    Level 4:
       Stairs down to The Gnomish Mines.
 The Gnomish Mines: levels 5 to 7
    Level 5:
    Level 6: <- You were here.
       Final resting place for
          you, killed by a watch captain.
    Level 7:
       Some shops, some fountains, a tree.


Vanquished creatures:
  a small mimic
  a watchman
 an iron piercer
  a dwarf leader
  2 rock moles
  2 ponies
  a yellow light
  a violet fungus
  5 gnome leaders
  a gnomish wizard
  a kobold mummy
  a gray ooze
  a ghoul
  2 giant ants
  a floating eye
 12 dwarves
  a kobold shaman
  3 rothes
  3 orc zombies
  a wererat
 an iguana
  a coyote
  a gas spore
  4 hobbits
  3 manes
  a large kobold
  a brown mold
  a green mold
  a red mold
 25 gnomes
  3 geckos
  5 jackals
  2 kobolds
  4 goblins
  2 sewer rats
  5 grid bugs
  3 lichens
  a kobold zombie
  5 newts
111 creatures vanquished.

No species were genocided or became extinct.

Game over:
                       ----------
                      /          \
                     /    REST    \
                    /      IN      \
                   /     PEACE      \
                  /                  \
                  |    ARFwashere    |
                  |      473 Au      |
                  |   killed by a    |
                  |  watch captain   |
                  |                  |
                  |                  |
                  |       2026       |
                 *|     *  *  *      | *
        _________)/\\_//(\/(/\)/\//\/|_)_______

Aloha ARFwashere the Tourist...

You died in The Gnomish Mines on dungeon level 6 with 3149 points,
and 473 pieces of gold, after 5145 moves.
You were level 6 with a maximum of 49 hit points when you died.

